 Dungeon Sprint DCSS version 0.16.2-12-gd0ad4c3 (webtiles) character file.

512 Horhen the Thaumaturge (level 6, -7/37 HPs)
             Began as a Deep Elf Summoner on Sept 24, 2015.
             Was a Priest of Sif Muna.
             Mangled by a demonic crawler (11 damage)
             ... in the Dungeon (Sprint I: "Red Sonja").
             The game lasted 00:05:22 (670 turns).

Horhen the Thaumaturge (Deep Elf Summoner)           Turns: 670, Time: 00:05:22

Health: -7/37      AC:  2    Str:  6    XL:     6   Next: 99%
Magic:  4/28       EV: 15    Int: 21    God:    Sif Muna [***...]
Gold:   421        SH:  0    Dex: 15    Spells: 4 memorised, 20 levels left

rFire  . . .     SeeInvis .     (no weapon)
rCold  . . .     Clarity  .     a - +0 robe
rNeg   . . .     SustAb   .     (no shield)
rPois  .         Gourm    .     (no helmet)
rElec  .         Spirit   .     (no cloak)
rCorr  .         Warding  .     (no gloves)
rMut   .         NoTele   +     (no boots)
MR     .....                    (no amulet)
Stlth  ++........               (no ring)
                                (no ring)

@: very slightly contaminated, not resistant to hostile enchantments, unstealthy
A: no striking features
a: Channel Energy, Forget Spell, Renounce Religion


You were in the Dungeon.
You worshipped Sif Muna.
Sif Muna was most pleased with you.
You were not hungry.

You visited 1 branch You collected 421 gold pieces.

Inventory:

Hand weapons
 h - a +0 dagger
Armour
 a - a +0 robe (worn)
Magical devices
 k - a wand of polymorph (7)
Scrolls
 i - a scroll of blinking
 l - a scroll of remove curse {unknown}
Potions
 d - 2 potions of curing
 e - a potion of heal wounds
 f - a potion of haste
 g - 2 potions of magic
Books
 b - a book of Callings

   Spells                             Type                      Level
   a - Summon Small Mammal            Summoning                    1
   b - Call Imp                       Summoning                    2
   c - Call Canine Familiar           Summoning                    3
   d - Summon Guardian Golem          Hexes/Summoning              4
   e - Summon Lightning Spire         Summoning/Air                4
   f - Summon Ice Beast               Ice/Summoning                4


   Skills:
 - Level 3.1 Fighting
 - Level 5.4 Dodging
 - Level 2.4 Stealth
 * Level 13.1 Spellcasting
 + Level 9.1 Summonings
 + Level 6.2 Invocations


You had 20 spell levels left.
You knew the following spells:

 Your Spells              Type           Power        Failure   Level  Hunger
a - Summon Small Mammal   Summ           ####         1%          1    None
b - Call Imp              Summ           ######..     1%          2    None
d - Summon Ice Beast      Ice/Summ       ####....     10%         4    None
e - Summon Lightning Spi  Summ/Air       ####....     10%         4    None


Dungeon Overview and Level Annotations

Branches:
Dungeon (1/1)

Altars:
Cheibriados
Dithmenos
Elyvilon
Fedhas
Gozag
Kikubaaqudgha
Makhleb
Nemelex Xobeh
Okawaru
Qazlal
Ru
Sif Muna
Trog
Vehumet
Xom
Yredelemnul
Zin
The Shining One
Jiyva

Shops:
D %


Message History

The demonic crawler hits you! The demonic crawler barely misses you.
Unknown command.
There is an open door here.
Unknown command.
The demonic crawler hits you. The demonic crawler hits you!
The demonic crawler hits you.
* * * LOW HITPOINT WARNING * * *
You see here a giant club.
Casting: Summon Ice Beast
Confirm with . or Enter, or press ? or * to list all spells.
You don't know that spell.
Casting: Summon Ice Beast
Confirm with . or Enter, or press ? or * to list all spells.
A chill wind blows around you. The demonic crawler misses you.
The demonic crawler barely misses you. The demonic crawler hits you.
* * * LOW HITPOINT WARNING * * *
The demonic crawler hits you.
* * * LOW HITPOINT WARNING * * *
The demonic crawler hits you!
You die...

###################
#<.#..Y8G#..G..#__#
#..Y.Y#.Y').#..'..G
#.)#####'#####'#__#
#YY####..#...#.####
#.s#__####..##.#
#.@#_..__##'#..+
#⌠⌠#_.∩...Y..._#
####_..._##_.#'#
#_____###+#.#
####### ###


You could see a demonic crawler and 3 friendly ice beasts.

Vanquished Creatures
  Ijyb (D)
1 creature vanquished.

Vanquished Creatures (collateral kills)
  2 kobold demonologists (D)
  A slime creature (D)
  A neqoxec (D)
  A yak (D)
  An ogre (D)
  Sigmund (D)
  2 quasits (D)
  A jelly (D)
  A white imp (D)
11 creatures vanquished.

Vanquished Creatures (others)
  14 ice beasts (D)
  A crimson imp (D)
  An iron imp (D)
  A quasit (D)
  5 lightning spires (D)
  2 white imps (D)
24 creatures vanquished.

Grand Total: 36 creatures vanquished

Notes
Turn   | Place    | Note
--------------------------------------------------------------
     0 | D        | Horhen, the Deep Elf Summoner, began the quest for the Orb.
     0 | D        | Reached XP level 1. HP: 10/10 MP: 5/5
     2 | D        | Noticed Ijyb
    10 | D        | Killed Ijyb
    10 | D        | Reached skill level 1 in Fighting
    10 | D        | Reached skill level 5 in Spellcasting
    10 | D        | Reached skill level 5 in Summonings
    10 | D        | Reached XP level 2. HP: 16/16 MP: 6/11
    44 | D        | Learned a level 2 spell: Call Imp
    54 | D        | Noticed an ogre
    70 | D        | Killed an ogre
    70 | D        | Reached skill level 6 in Spellcasting
    70 | D        | Reached XP level 3. HP: 19/22 MP: 4/16
   161 | D        | Noticed Sigmund
   172 | D        | Killed Sigmund
   172 | D        | Reached skill level 5 in Dodging
   172 | D        | Reached skill level 7 in Spellcasting
   172 | D        | Reached XP level 4. HP: 27/27 MP: 14/20
   223 | D        | Learned a level 4 spell: Summon Lightning Spire
   228 | D        | Learned a level 4 spell: Summon Ice Beast
   228 | D        | Found a deep blue altar of Sif Muna.
   229 | D        | Noticed a jelly
   230 | D        | Found a radiant altar of Vehumet.
   230 | D        | Found a viscous altar of Jiyva.
   234 | D        | Found a blossoming altar of Fedhas.
   234 | D        | Noticed a slime creature
   234 | D        | Killed a jelly
   234 | D        | Reached skill level 8 in Spellcasting
   267 | D        | Became a worshipper of Sif Muna the Loreminder
   273 | D        | Found Fonujime's Food Emporium.
   273 | D        | Found a white marble altar of Elyvilon.
   273 | D        | Found a stormy altar of Qazlal.
   273 | D        | Found a burning altar of Makhleb.
   273 | D        | Found a sacrificial altar of Ru.
   273 | D        | Found a basalt altar of Yredelemnul.
   273 | D        | Found a glowing golden altar of the Shining One.
   273 | D        | Found a sparkling altar of Nemelex Xobeh.
   273 | D        | Found a shimmering altar of Xom.
   273 | D        | Found an opulent altar of Gozag.
   273 | D        | Found an ancient bone altar of Kikubaaqudgha.
   273 | D        | Found a glowing silver altar of Zin.
   273 | D        | Noticed a yak
   280 | D        | Killed a yak
   280 | D        | Acquired Sif Muna's first power
   280 | D        | Reached skill level 9 in Spellcasting
   280 | D        | Reached XP level 5. HP: 32/32 MP: 15/24
   283 | D        | Found an iron altar of Okawaru.
   286 | D        | Found a bloodstained altar of Trog.
   302 | D        | Found a snail-covered altar of Cheibriados.
   302 | D        | Found a shadowy altar of Dithmenos.
   311 | D        | Killed a slime creature
   311 | D        | Reached skill level 11 in Spellcasting
   393 | D        | Noticed a kobold demonologist
   397 | D        | Noticed a kobold demonologist
   397 | D        | Killed a kobold demonologist
   397 | D        | Acquired Sif Muna's second power
   397 | D        | Reached skill level 12 in Spellcasting
   397 | D        | Reached skill level 5 in Invocations
   397 | D        | Reached XP level 6. HP: 37/37 MP: 21/28
   398 | D        | Noticed a rust devil
   398 | D        | Noticed a neqoxec
   399 | D        | Killed a neqoxec
   401 | D        | Killed a kobold demonologist
   401 | D        | Reached skill level 13 in Spellcasting
   403 | D        | Noticed a demonic crawler
   403 | D        | Noticed a demonic crawler
   403 | D        | Noticed a demonic crawler
   403 | D        | Noticed a demonic crawler
   447 | D        | Paralysed by a giant eyeball for 4 turns
   657 | D        | Paralysed by a giant eyeball for 3 turns
   670 | D        | Mangled by a demonic crawler

Action                   |  1- 3 |  4- 6 || total
-------------------------+-------+-------++-------
Melee: Unarmed           |     6 |       ||     6
 Cast: Call Imp          |     8 |       ||     8
       Summon Ice Beast  |       |    20 ||    20
       Summon Lightning  |       |     9 ||     9
Invok: Channel Energy    |       |    23 ||    23
  Use: Potion            |     1 |       ||     1
  Eat: Chunk             |       |     2 ||     2
       Bread ration      |       |     1 ||     1
